details: 'tinkertowerrushed'

« prev index next »

General information

Mini Map

Players

team 1
Random» Humanlalaley (orange | 255 APM | 1956 actions | 07:40)
Hero icon 2 Goblin Tinker
Ability icon 1 Pocket Factory
Ability icon 1 Engineering Upgrade

» actions
Assign group hotkey167
Basic commands196
Build / train54
Enter build submenu20
Enter hero's abilities submenu2
Right click736
Select / deselect256
Select group hotkey486
Use ability39
1956 total
» units
Peasant14
Footman18
32 total
» upgrades
Masonry1
1 total
» buildings
Barracks2
Lumber Mill1
Farm4
Altar of Kings1
Scout Tower9
Arcane Tower2
Guard Tower11
Arcane Vault1
31 total
» build order
00:05 Barracks
00:19 Lumber Mill
00:33 Farm
00:49 Altar of Kings
01:34 Farm
02:44 Farm
03:08 Scout Tower
03:08 Scout Tower
03:24 Arcane Tower
03:24 Scout Tower
03:44 Guard Tower
03:44 Guard Tower
03:46 Scout Tower
04:04 Farm
04:11 Guard Tower
04:30 Arcane Vault
06:15 Scout Tower
06:22 Barracks
06:42 Guard Tower
07:03 Scout Tower
07:03 Scout Tower
07:06 Scout Tower
07:11 Scout Tower
07:29 Guard Tower
07:30 Guard Tower
07:30 Guard Tower
07:31 Guard Tower
07:36 Guard Tower
07:38 Guard Tower
» items
Scroll of Regeneration1
Lesser Clarity Potion2
3 total
team 2
NightElfLW-Stupidus (red | 95 APM | 728 actions | 07:40)
Hero icon 2 Dark Ranger
Ability icon 1 Black Arrow
Ability icon 1 Life Drain

» actions
Assign group hotkey26
Basic commands41
Build / train37
ESC pressed1
Enter build submenu15
Enter hero's abilities submenu2
Remove unit from queue1
Right click373
Select / deselect170
Select group hotkey29
Use ability33
728 total
» units
Wisp25
Archer8
33 total
» buildings
Altar of Elders1
Moon Well3
Ancient of War8
Hunter's Hall1
13 total
» build order
00:09 Altar of Elders
00:14 Moon Well
01:06 Ancient of War
01:40 Moon Well
02:30 Hunter's Hall
02:32 Ancient of War
03:03 Ancient of War
03:50 Ancient of War
05:44 Ancient of War
06:00 Moon Well
06:08 Ancient of War
07:07 Ancient of War
07:25 Ancient of War